 Dungeon Crawl Stone Soup version 0.31-a0-876-gfe8ebadbca (webtiles) character file.

Game seed: 14724361121247617697

2796 Newt the Protected (level 9, -9/57 HPs)
             Began as a Gargoyle Fighter on Oct 13, 2023.
             Was a Follower of Okawaru.
             Killed by divine providence
             ... invoked by Jeremiah
              (16 damage)
             ... on level 6 of the Dungeon.
             The game lasted 00:04:54 (4977 turns).

Newt the Protected (Gargoyle Fighter)               Turns: 4977, Time: 00:04:56

Health: -9/57      AC: 24    Str: 23    XL:     9   Next: 71%
Magic:  18/18      EV:  9    Int: 10    God:    Okawaru [*.....]
Gold:   174        SH:  4    Dex:  9    Spells: 8/8 levels left

rFire   . . .        l - +2 flail
rCold   + . .        c - +0 buckler
rNeg    + . .        f - +4 scale mail {rC+}
rPois   ∞            (no helmet)
rElec   +            (no cloak)
rCorr   .            (no gloves)
SInv    .            p - +0 pair of boots
Will    .....        n - amulet of the acrobat Stlth
                     k - ring "Wuoxi" {Contam rElec MP+9 AC+4}
HPRegen 0.29/turn    (no ring)
MPRegen 0.16/turn

%: acrobat
@: no status effects
A: sickness immunity, AC +6, negative energy resistance 1, electricity
resistance, torment resistance 1, petrification resistance
a: Renounce Religion, Heroism


You were on level 6 of the Dungeon.
You worshipped Okawaru.
Okawaru was aware of your devotion.
You visited 2 branches of the dungeon, and saw 7 of its levels.

You collected 174 gold pieces.

Inventory:

Hand Weapons
 a - a +0 flail
 l - a +2 flail (weapon)
Armour
 b - a +0 scale mail
 c - a +0 buckler (worn)
 f - a +4 scale mail of cold resistance (worn)
 p - a +0 pair of boots (worn)
Jewellery
 k - the ring "Wuoxi" (left hand) {Contam rElec MP+9 AC+4}
   (You found it on level 3 of the Dungeon)

   [ring of protection]

   AC+4:      It affects your AC (+4).
   rElec:     It insulates you from electricity.
   MP+9:      It affects your magic capacity (+9).
   Contam:    It causes magical contamination when unequipped.
 n - an amulet of the acrobat (around neck)
 t - a ring of resist corrosion
Wands
 x - a wand of flame (14)
Scrolls
 i - a scroll of fog
 o - a scroll of vulnerability
 r - a scroll of amnesia {unknown}
 s - a scroll of teleportation
 v - 2 scrolls of enchant armour
 y - a scroll of torment
 z - a scroll of butterflies {unknown}
Potions
 d - a potion of might
 e - a potion of attraction
 g - a potion of resistance
 h - a potion of ambrosia
 j - 2 potions of degeneration
 m - a potion of heal wounds
 q - 2 potions of invisibility
 u - 3 potions of curing
 w - a potion of brilliance {unknown}


   Skills:
 - Level 7.0 Fighting
 - Level 8.0 Maces & Flails
 - Level 9.0 Armour
 - Level 3.2 Shields
 + Level 4.1 Evocations


You had 8 spell levels left.
You didn't know any spells.
Your spell library contained the following spells:

 Spells                   Type           Power      Damage    Failure   Level
 Freeze                   Ice            0%         1d3       71%         1
 Frozen Ramparts          Ice            0%         1d1       97%         3
 Hailstorm                Conj/Ice       0%         3d3       97%         3
 Ozocubu's Armour         Ice            0%         N/A       97%         3
 Ozocubu's Refrigeration  Ice            0%         4d7       100%        7


Dungeon Overview and Level Annotations

Branches:
Dungeon (6/15)             Temple (1/1) D:6

Altars:
Cheibriados
Dithmenos
Elyvilon
Kikubaaqudgha
Nemelex Xobeh
Okawaru
Qazlal
Ru
Trog
Uskayaw
Vehumet
Xom
Yredelemnul
The Shining One

Shops:
D:3 =

Annotations:
D:4 1 runed translucent door, laschroeter's ghost, amateur MiFi
D:6 Jeremiah


Innate Abilities, Weirdness & Mutations

You are immune to sickness and miasma.
Your stone body is resilient. (AC +6)
You are immune to poison.
You resist negative energy. (rN+)
You are resistant to electric shocks. (rElec)
You are resistant to unholy torment.
You are immune to petrification.


Message History

Your Evocations skill increases to level 4!
You barely miss the yak. The yak gores you!
You are too injured to fight recklessly!
Unknown command.
You hit the yak but do no damage.
The butterfly disappears in a burst of colours! x2
The yak closely misses you.
Unknown command.
Jeremiah lets out a twisted cry.
Something smites you!
* * * LOW HITPOINT WARNING * * *
The butterfly disappears in a burst of colours!
Unknown command.
The yak attacks as it pursues you! The yak misses you.
You sock the yak!
The yak is moderately wounded.
The yak gores you but does no damage.
You sock the yak!
The yak is severely wounded.
The yak gores you but does no damage.
Jeremiah mumbles a slurred invocation.
Something smites you!
* * * LOW HITPOINT WARNING * * *
You sock the yak!
The yak is almost dead.
The yak closely misses you.
Jeremiah trails rainbows from their fingertips.
You barely miss the yak.
The yak is almost dead.
The yak barely misses you.
You barely miss the yak.
The yak is almost dead.
The yak barely misses you.
You hit the yak.
You kill the yak!
Okawaru accepts your kill.
Jeremiah throws their arms up pleadingly.
Something smites you!
You die...
Jeremiah asks, "What happened?
Did... did you die?"

#...........#<#.#..####
#.o.bF#.#.####.#......
#.Y.#b#.....)..#......
#...#†#......###.#....
.....#.#........#+##...
#####.#.#######.#....##.
..#.# ##.#....... ..#o#
####.......### Y.#@#
#..........# # #.#
#..........#
#.###...#+########
#.........# #.
#####...### #. #...# #.
#...# #. #...# #. #####
#.


You could see Jeremiah and an orc.

Vanquished Creatures
  Grinder (D:4)
  Sigmund (D:4)
  A wyvern (D:5)
  6 yaks (D:6)
  Menkaure (D:6)
  A sky beast (D:6)
  2 black bears (D:4)
  An ogre (D:5)
  A centaur (D:5)
  A phantom (D:6)
  5 wights (D:4)
  2 howler monkeys
  3 hounds
  2 jellies (D:6)
  3 orc priests
  5 iguanas
  Natasha (thrice) (D:3)
  An orc wizard (D:4)
  4 adders
  A white imp (D:6)
  A worm (D:2)
  3 dart slugs
  4 orcs
  5 ball pythons
  9 endoplasms
  A giant cockroach (D:4)
  8 goblins
  6 hobgoblins
  2 jackals (D:4)
  4 quokkas
  A frilled lizard (D:1)
  6 kobolds
  14 rats
  A spectral orc (D:5)
110 creatures vanquished.

Notes
Turn   | Place    | Note
-------+----------+-------------------------------------------
     0 | D:1      | Newt the Gargoyle Fighter began the quest for the Orb.
     0 | D:1      | Reached XP level 1. HP: 14/14 MP: 1/1
   128 | D:1      | Reached XP level 2. HP: 20/20 MP: 2/2
   845 | D:2      | Reached XP level 3. HP: 21/24 MP: 3/3
  1440 | D:3      | Noticed Natasha
  1449 | D:3      | Killed Natasha
  1450 | D:3      | Reached XP level 4. HP: 13/29 MP: 4/4
  1670 | D:3      | Identified the ring "Wuoxi" {Contam rElec MP+9 AC+4}
  1805 | D:3      | Noticed Natasha
  1812 | D:3      | Killed Natasha
  1946 | D:3      | Found a sparkling altar of Nemelex Xobeh.
  1954 | D:3      | Found Hoyluof's Jewellery Shoppe.
  2052 | D:3      | Reached XP level 5. HP: 32/33 MP: 5/5
  2131 | D:3      | Found a sacrificial altar of Ru.
  2143 | D:3      | Noticed Natasha
  2170 | D:3      | Killed Natasha
  2171 | D:3      | Reached skill level 5 in Maces & Flails
  2657 | D:4      | Noticed a black bear
  2658 | D:4      | Found a bloodstained altar of Trog.
  2658 | D:4      | Noticed a black bear
  2662 | D:4      | Noticed Sigmund
  2671 | D:4      | Killed a black bear
  2672 | D:4      | Reached skill level 4 in Armour
  2672 | D:4      | Reached XP level 6. HP: 17/38 MP: 6/6
  2674 | D:4      | Killed a black bear
  2675 | D:4      | Reached skill level 5 in Armour
  2685 | D:4      | Killed Sigmund
  2686 | D:4      | Reached skill level 6 in Armour
  2686 | D:4      | Reached XP level 7. HP: 17/43 MP: 7/7
  2865 | D:4      | Noticed Grinder
  2874 | D:4      | Paralysed by Grinder for 2 turns
  2886 | D:4      | Killed Grinder
  3018 | D:4      | Found a hide-covered altar of Uskayaw.
  3064 | D:4      | Reached XP level 8. HP: 32/48 MP: 8/8
  3311 | D:4      | Found a runed translucent door.
  3311 | D:4      | Noticed laschroeter's ghost (amateur MiFi)
  3745 | D:5      | Entered Level 5 of the Dungeon
  3820 | D:5      | Reached skill level 7 in Armour
  4014 | D:5      | Reached skill level 8 in Armour
  4070 | D:5      | Noticed a wyvern
  4088 | D:5      | Killed a wyvern
  4453 | D:5      | Found a basalt altar of Yredelemnul.
  4656 | D:6      | Reached skill level 9 in Armour
  4656 | D:6      | Reached XP level 9. HP: 48/52 MP: 9/9
  4725 | D:6      | Found a staircase to the Ecumenical Temple.
  4729 | D:6      | Reached skill level 5 in Fighting
  4733 | Temple   | Entered the Ecumenical Temple
  4739 | Temple   | Became a worshipper of Warmaster Okawaru
  4898 | D:6      | Noticed Menkaure
  4930 | D:6      | Killed Menkaure
  4930 | D:6      | Reached * piety under Okawaru
  4931 | D:6      | Reached skill level 1 in Evocations
  4939 | D:6      | Noticed Jeremiah
  4977 | D:6      | Killed from afar by Jeremiah

Illustrated notes

Levels and vault maps discovered:
D:1:      lemuel_arrival_funnel, layout_loops_cross
D:2:      layout_loops_ring, hangedman_decor_points
D:3:      layout_basic, nemelex_diamond_rough_becter, amcnicky_altar_gilded,
          serial_shops, shop_fountains, uniq_natasha
D:4:      layout_basic, nicolae_uskayaw_suspiria, trog_ov_bears_minmay,
          hellmonk_ghost_happy_afterlife, amcnicky_mini_pool_small,
          chequers_big_river, uniq_grinder, uniq_sigmund
D:5:      layout_loops_ring, yredelemnul_forgotten_temple_becter
D:6:      layout_basic, minmay_temple_entry_proselytizer, serial_shops, shop,
          uniq_menkaure, uniq_jeremiah
Temple:   nicolae_temple_cloud_nine

Skill      XL: |  1  2  3  4  5  6  7  8  9 |
---------------+----------------------------+-----
Fighting       | 4 7 |  7.0
Maces & Flails | 3 4 5 7 8 |  8.0
Armour         | 4 6 9 |  9.0
Evocations     | 4 |  4.1
Shields        | |  3.2

Action                     |  1- 3 |  4- 6 |  7- 9 || total
---------------------------+-------+-------+-------++-------
  Melee: Flail             |    98 |    85 |   293 ||   476
    Use: Scroll            |     7 |     5 |     5 ||    17
         Potion            |       |     1 |     1 ||     2
 Armour: Scale mail        |    45 |    96 |   194 ||   335
  Dodge: Dodged            |    43 |    74 |   156 ||   273
  Block: Buckler           |    12 |    22 |    34 ||    68

Table legend: (Time is in decaauts)
 A = Elapsed time spent in this place.
 B = Non-inter-level travel time spent in this place.
 C = Inter-level travel time spent in this place.
 D = Time resting spent in this place.
 E = Time spent auto-exploring this place.
 F = Levels seen in this place.
 G = Mean time per level.
                   A        B        C        D        E       F      G
               +--------+--------+--------+--------+--------+-----+--------+
         Total |   5075 |   4949 |    126 |    136 |   3861 |   7 |  725.0 |
       Dungeon |   5062 |   4947 |    115 |    136 |   3861 |   6 |  843.7 |
        Temple |     12 |      1 |     11 |      0 |      0 |   1 |   12.0 |
               +--------+--------+--------+--------+--------+-----+--------+

Top non-repeatable levels by time:
     D:3: 1213 daAuts
     D:4: 1206 daAuts
     D:5: 889 daAuts
     D:2: 732 daAuts
     D:1: 685 daAuts
     D:6: 334 daAuts
  Temple: 12 daAuts
